 Dungeon Crawl Stone Soup version 0.26-a0-259-g1effd001a9 (webtiles) character file.

Game seed: 10244966337208014456

188 vurker the Skirmisher (level 5, 42/42 HPs)
             Began as a Demonspawn Brigand on July 17, 2020.
             Quit the game in a sewer.
             The game lasted 00:05:20 (3731 turns).

vurker the Skirmisher (Demonspawn Brigand)          Turns: 3731, Time: 00:05:21

Health: 42/42      AC:  9    Str: 13    XL:     5   Next: 39%
Magic:  5/5        EV:  6    Int: 12    God:
Gold:   87         SH:  0    Dex: 22    Spells: 4/4 levels left

rFire    . . .     SeeInvis .   a - +2 dagger
rCold    . . .     Faith    .   (no shield)
rNeg     . . .     Spirit   .   l - +0 chain mail
rPois    .         Reflect  .   (no helmet)
rElec    .         Harm     .   c - +0 cloak
rCorr    .                      (no gloves)
MR       .....                  (no boots)
Stlth    ..........             (no amulet)
HPRegen  0.14/turn              g - +6 ring of dexterity
MPRegen  0.09/turn              (no ring)

@: confused, very slow
A: thin skeletal structure 1, nightstalker 1, powered by pain 2
a: no special abilities


You were in a sewer.
You were not hungry.

You visited 1 branch of the dungeon, and saw 4 of its levels.
You also visited: Sewer.

You collected 87 gold pieces.

Inventory:

Hand Weapons
 a - a +2 dagger (weapon)
Missiles
 d - 7 poisoned darts
 f - 2 curare-tipped darts (quivered)
Armour
 c - a +0 cloak (worn)
 l - a +0 chain mail (worn)
   (You found it on level 1 of the Dungeon)
Jewellery
 b - a +4 ring of evasion {unknown}
   (You found it on level 2 of the Dungeon)
 g - a +6 ring of dexterity (left hand)
   (You found it on level 1 of the Dungeon)
Scrolls
 h - 4 scrolls of teleportation {unknown}
 i - a scroll of random uselessness {unknown}
 m - 2 scrolls of enchant weapon {unknown}
 n - a scroll of remove curse {unknown}
 p - a scroll of identify {unknown}
 q - a scroll of immolation {unknown}
 t - a scroll of fog {unknown}
Potions
 j - a potion of heal wounds {unknown}
 k - 3 potions of curing {unknown}
 o - 3 potions of flight {unknown}
 r - a potion of magic {unknown}
 s - a potion of haste {unknown}
Comestibles
 e - 9 rations


   Skills:
 + Level 4.2 Fighting
 - Level 1.7 Short Blades
 + Level 3.8 Throwing
 - Level 0.8 Dodging
 - Level 3.6 Stealth


You had 4 spell levels left.
You didn't know any spells.
Your spell library contained the following spells:

 Spells                   Type           Power        Failure   Level
 Beastly Appendage        Tmut           #.....       100%        1
 Sticks to Snakes         Tmut           #.......     100%        2
 Spider Form              Tmut/Pois      #.........   100%        3
 Ice Form                 Ice/Tmut       #.......     100%        4
 Blade Hands              Tmut           #.........   100%        5


Dungeon Overview and Level Annotations

Branches:
Dungeon (4/15)              Sewer (1/1)
 Temple: D:4-7

Altars:
Sif Muna
Trog
Uskayaw


Innate Abilities, Weirdness & Mutations

You have a somewhat thin skeletal structure. (Dex +2, Stealth)
You are slightly more attuned to the shadows.
You sometimes gain power by taking damage.


Message History

You hit the ball python.
The ball python bites you but does no damage.
The ball python constricts you.
You closely miss the ball python.
The ball python bites you but does no damage.
The ball python constricts you.
Your unstable footing causes you to fumble your attack.
The ball python bites you but does no damage.
The ball python constricts you. The ball python bites you.
The ball python constricts you.
You hit the ball python.
You kill the ball python!
No target in view!
No target in view!
No target in view!
No target in view!
You enter the shallow water.
Moving in this stuff is going to be slow.
You enter the shallow water.
Moving in this stuff is going to be slow.
You enter the shallow water.
Moving in this stuff is going to be slow.
You enter the shallow water.
Moving in this stuff is going to be slow.
You enter the shallow water.
Moving in this stuff is going to be slow.
You enter the shallow water.
Moving in this stuff is going to be slow.
You enter the shallow water.
Moving in this stuff is going to be slow.
Found a blue potion and a scroll labeled URO AKKUZEI.
Found a scroll labeled TIRHUBLAXKO and a red potion.
Found a gate leading back out of this place.
Found 2 golden potions, a bubbling black potion and a silvery potion.
You enter the shallow water.
Moving in this stuff is going to be slow.
j - a blue potion
n - a scroll labeled TIRHUBLAXKO
r - a bubbling black potion
o - 3 golden potions (gained 2)
s - a silvery potion
k - 3 red potions (gained 1)
t - a scroll labeled URO AKKUZEI You enter the shallow water.
Moving in this stuff is going to be slow.
You enter the shallow water.
Moving in this stuff is going to be slow.
Sif Muna's wrath finds you.
You are confused.
Unknown command.

≈≈≈≈≈≈≈.# #.≈.# ##≈≈≈≈≈≈≈
≈≈≈≈≈≈≈.# ##≈## ##≈≈≈≈≈≈≈≈
≈≈≈≈≈≈≈.## #≈# ##.≈≈≈≈≈≈≈≈
≈≈≈≈≈≈≈≈≈## #.# #.≈≈≈≈≈≈≈≈≈
≈≈≈≈≈≈≈≈≈.# #.# ##≈≈≈≈≈≈≈≈≈≈
≈≈≈≈≈≈≈≈≈.## #≈# #..≈≈≈≈≈≈≈≈≈
≈≈≈≈≈≈≈≈≈≈.# #≈# ###≈≈≈≈≈≈≈≈≈≈
#≈≈≈≈≈≈≈≈≈####≈#####≈.≈≈≈≈≈≈≈≈≈
#≈≈≈≈≈≈≈≈≈≈≈≈≈≈@≈#..≈≈≈≈≈≈≈≈≈≈
##≈≈≈≈≈≈≈≈≈≈≈≈≈≈≈.≈≈≈≈≈≈≈≈≈≈
#≈≈≈≈≈≈≈≈≈≈≈≈≈≈≈≈≈≈≈≈≈≈≈≈≈≈
###≈≈≈≈≈≈≈≈≈≈≈≈≈≈≈≈≈≈≈≈≈≈≈#
##≈≈≈≈≈≈≈≈≈≈≈≈≈≈≈≈≈≈≈≈≈##
#≈≈≈≈≈≈≈≈≈≈≈≈≈≈≈≈≈≈≈≈≈#
#≈≈≈≈≈≈≈≈≈≈≈≈≈≈≈≈≈≈≈#
≈≈≈≈≈≈≈≈≈≈≈≈≈≈


There were no monsters in sight!

Vanquished Creatures
  Purgy (Sewer)
  A river rat (D:4)
  An ooze (D:1)
  3 worms (D:3)
  3 dart slugs
  4 leopard geckos
  2 orcs (D:3)
  7 ball pythons
  2 giant cockroaches
  6 goblins
  7 hobgoblins
  8 kobolds
  A quokka (D:3)
  9 bats
  6 frilled lizards
  9 rats
70 creatures vanquished.

Notes
Turn   | Place    | Note
-------+----------+-------------------------------------------
     0 | D:1      | vurker the Demonspawn Brigand began the quest for the Orb.
     0 | D:1      | Reached XP level 1. HP: 16/16 MP: 1/1
   167 | D:1      | Gained mutation: You sometimes gain a little power by
                  | taking damage. [demonic ancestry]
   167 | D:1      | Reached XP level 2. HP: 23/23 MP: 2/2
   861 | D:1      | Gained mutation: You sometimes gain power by taking damage.
                  | [demonic ancestry]
   861 | D:1      | Reached XP level 3. HP: 28/28 MP: 3/3
  1353 | D:2      | Reached skill level 3 in Fighting
  2132 | D:3      | Found a hide-covered altar of Uskayaw.
  2299 | D:3      | Found a faded altar of an unknown god.
  2309 | D:3      | Became a worshipper of Sif Muna the Loreminder
  2309 | D:3      | Reached * piety under Sif Muna
  2310 | D:3      | Fell from the grace of Sif Muna
  2384 | D:3      | Gained mutation: You have a somewhat thin skeletal
                  | structure. (Dex +2, Stealth) [demonic ancestry]
  2384 | D:3      | Reached XP level 4. HP: 34/35 MP: 4/4
  2532 | D:3      | Noticed a moth of wrath
  2535 | D:3      | Found a bloodstained altar of Trog.
  2973 | D:4      | Found a glowing drain.
  3276 | Sewer    | Entered a sewer
  3304 | Sewer    | Noticed Purgy
  3328 | Sewer    | Killed Purgy
  3328 | Sewer    | Reached skill level 4 in Fighting
  3328 | Sewer    | Gained mutation: You are slightly more attuned to the
                  | shadows. [demonic ancestry]
  3328 | Sewer    | Reached XP level 5. HP: 11/42 MP: 5/5
  3731 | Sewer    | Quit the game

Illustrated notes

Levels and vault maps discovered:
D:1:      scummos_arrival_simple_fountains, layout_basic
D:2:      layout_rooms, first_ration
D:3:      layout_basic, eat_drink_and_be_merry_uskayaw, tgw_trog,
          chequers_ecumenical_altar_twisty
D:4:      lemuel_upstairs_altar, layout_rooms, kennysheep_mini,
          lemuel_crystal_altar, kennysheep_little_box, portal_sewer_entry_b,
          minivault_19, minmay_tree_intersection
Sewer:    sewer_co_purgy_island

Skill      XL: |  1  2  3  4 |
---------------+-------------+-----
Throwing       | 2 3 |  3.8
Fighting       | 3 4 |  4.2
Short Blades   | |  1.7
Dodging        | |  0.8
Stealth        | |  3.6

Action                   |  1- 3 |  4- 6 || total
-------------------------+-------+-------++-------
Melee: Dagger            |   126 |   119 ||   245
Throw: Boomerang         |    15 |       ||    15
       Dart              |     5 |     1 ||     6
Invok: Renounce Religion |     1 |       ||     1
 Stab: Sleeping          |     4 |       ||     4
  Eat: Ration            |     2 |     1 ||     3
Armor: Robe              |     6 |       ||     6
       Chain mail        |    45 |    93 ||   138
Dodge: Dodged            |    39 |    46 ||    85

Table legend:
 A = Non-vault XP
 B = Vault XP
 C = Vault XP percentage of total XP
 D = Non-vault monster count
 E = Vault monster count
 F = Vault count percentage of total count
                 A         B        C        D         E       F
            +---------+---------+-------+---------+---------+-------
      Total |     102 |     167 |  62.1 |      54 |      16 |  22.9
            +---------+---------+-------+---------+---------+-------
        D:1 |      48 |       0 |   0.0 |      23 |       0 |   0.0
        D:2 |      15 |       0 |   0.0 |       9 |       0 |   0.0
        D:3 |      36 |      17 |  32.1 |      21 |       5 |  19.2
        D:4 |       3 |      19 |  86.4 |       1 |       4 |  80.0
      Sewer |       0 |     131 | 100.0 |       0 |       7 | 100.0
            +---------+---------+-------+---------+---------+-------
